 Dungeon Crawl Stone Soup version 0.29.1-15-g9cfb28693d (webtiles) character file.

Game seed: 350311622682639836

557 Darkkill the Shooter (level 7, -12/61 HPs)
             Began as a Minotaur Hunter on June 6, 2023.
             Was an Initiate of Gozag.
             Mangled by a phantasmal warrior (32 damage)
             ... created by the anger of Yredelemnul
             ... on level 5 of the Dungeon.
             The game lasted 00:06:48 (3383 turns).

Darkkill the Shooter (Minotaur Hunter)              Turns: 3383, Time: 00:06:48

Health: -12/61     AC:  8    Str: 15    XL:     7   Next: 9%
Magic:  6/6        EV: 13    Int:  6    God:    Gozag
Gold:   209        SH:  0    Dex: 16    Spells: 6/6 levels left

rFire   . . .      SeeInvis .   a - +1 shortbow (venom)
rCold   . . .      Faith    .   (shield currently unavailable)
rNeg    . . .      Spirit   .   h - +3 leather armour of Watchfulness {Harm}
rPois   .          Reflect  .   (helmet restricted)
rElec   .          Harm     +   d - +1 cloak
rCorr   .          Rampage  .   (no gloves)
Will    .....                   (no boots)
Stlth   ++........              n - amulet of regeneration
HPRegen 1.00/turn               (no ring)
MPRegen 0.10/turn               (no ring)

@: weak-willed
A: horns 2, retaliatory headbutt
a: Renounce Religion, Potion Petition, Call Merchant, Bribe Branch


You were on level 5 of the Dungeon.
You worshipped Gozag.
Gozag was aware of your devotion.
You visited 2 branches of the dungeon, and saw 6 of its levels.

You collected 296 gold pieces.
You paid 87 gold pieces to Gozag.

Inventory:

Hand Weapons
 a - a +1 shortbow of venom (weapon)
Missiles
 l - 41 stones
 r - 2 atropa-tipped darts
 s - a throwing net {=f !f}
Armour
 d - a +1 cloak (worn)
 h - the +3 leather armour of Watchfulness (worn) {Harm}
   (You found it on level 4 of the Dungeon)

   Harm:      It increases damage dealt and taken.
 o - +0 ice dragon scales
Jewellery
 n - an amulet of regeneration (around neck)
Wands
 c - a wand of iceblast (9)
 m - a wand of paralysis (1)
Scrolls
 b - 2 scrolls of immolation
 i - a scroll of noise {unknown}
Potions
 e - 3 potions of might {unknown}
 f - a potion of mutation {unknown}
 g - 2 potions of brilliance {unknown}
 j - 2 potions of flight {unknown}
 k - a potion of degeneration {unknown}
 p - a potion of haste {unknown}
 q - a potion of berserk rage {unknown}


   Skills:
 + Level 5.0 Fighting
 + Level 6.0 Ranged Weapons
 + Level 4.6 Dodging
 + Level 3.4 Stealth


You had 6 spell levels left.
You didn't know any spells.
Your spell library contained the following spells:

 Spells                   Type           Power      Damage    Failure   Level
 Gell's Gravitas          Tloc           0%         N/A       88%         3
 Lesser Beckoning         Tloc           0%         N/A       88%         3
 Teleport Other           Tloc           0%         N/A       88%         3


Dungeon Overview and Level Annotations

Branches:
Dungeon (5/15)             Temple (1/1) D:5

Altars:
Ashenzari
Cheibriados
Dithmenos
Elyvilon
Fedhas
Gozag
Hepliaklqana
Kikubaaqudgha
Makhleb
Nemelex Xobeh
Okawaru
Qazlal
Ru
Uskayaw
Vehumet
Yredelemnul

Portals:
Abyss: D:4


Innate Abilities, Weirdness & Mutations

You have a pair of horns on your head.
You reflexively headbutt those who attack you in melee.


Message History

You shoot an arrow.
The arrow hits the necrophage but does no damage.
The necrophage is severely damaged.
The necrophage closely misses you.
A necrophage is nearby!
You shoot an arrow. The arrow barely misses the necrophage.
The necrophage misses you. You furiously retaliate!
You headbutt the necrophage, but do no damage.
A necrophage is nearby!
You shoot an arrow. The arrow hits the necrophage.
The necrophage is severely damaged.
The necrophage hits you.
You feel drained.
A necrophage is nearby!
You shoot an arrow.
The arrow hits the necrophage but does no damage.
The necrophage is severely damaged.
The necrophage closely misses you. You furiously retaliate!
You headbutt the necrophage.
You destroy the necrophage!
Your life force feels restored.
No target in view!
You now have 175 gold pieces (gained 5).
A scorpion and a white imp come into view.
Found a glowing long sword.
The white imp shouts!
A hound comes into view.
You shoot an arrow. The arrow hits the scorpion.
The scorpion is poisoned.
The scorpion is heavily wounded.
There are monsters nearby!
You shoot an arrow. The arrow closely misses the scorpion.
The arrow closely misses the hound.
You kill the scorpion!
Your Fighting skill increases to level 5!
You have reached level 7!
You shoot an arrow. The arrow hits the hound!
The hound is almost dead.
The hound misses you. The hound barely misses you.
There are monsters nearby!
You shoot an arrow. The arrow hits the hound!
You kill the hound!
The white imp gestures at you.
The puff of frost hits you but does no damage.
Your Ranged Weapons skill increases to level 6!
A white imp is nearby!
You shoot an arrow. The arrow closely misses the white imp.
The white imp gestures at you. The puff of frost misses you.
A white imp is nearby!
You shoot an arrow. The arrow hits the white imp.
The white imp is heavily wounded.
The white imp is distracted by your dazzling golden aura.
You shoot an arrow. The arrow closely misses the white imp.
The white imp shouts!
A white imp is nearby!
You shoot an arrow. The arrow closely misses the white imp.
A white imp is nearby!
You shoot an arrow.
The arrow hits the white imp but does no damage.
The white imp is no longer distracted by gold.
The white imp is heavily wounded.
A white imp is nearby!
You shoot an arrow. The arrow hits the white imp.
You kill the white imp!
You now have 194 gold pieces (gained 19).
You see here a +0 long sword of electrocution.
You now have 209 gold pieces (gained 15).
Yredelemnul sends a servant to punish you.
A phantasmal warrior comes into view.
You shoot an arrow. The arrow hits the phantasmal warrior!
The phantasmal warrior is moderately damaged.
A phantasmal warrior is nearby!
You shoot an arrow. The arrow hits the phantasmal warrior.
The phantasmal warrior is moderately damaged.
The phantasmal warrior misses you.
A phantasmal warrior is nearby!
You shoot an arrow. The arrow hits the phantasmal warrior.
The phantasmal warrior is heavily damaged.
The phantasmal warrior hits you!!
A phantasmal warrior is nearby!
You are too injured to fight recklessly!
A phantasmal warrior is nearby!
You are too injured to fight recklessly!
Aiming: Paralyse
Press: ? - help, Q - select action, (/) - cycle Shift-Dir - straight line, f/p - phantasmal warrior
Aim: a phantasmal warrior (heavily damaged, durably summoned, chance to affect: 7%)
The phantasmal warrior resists with almost no effort.
The phantasmal warrior hits you!
Your willpower is stripped away!
Aiming: Paralyse
Press: ? - help, Q - select action, (/) - cycle Shift-Dir - straight line, f/p - phantasmal warrior
Aim: a phantasmal warrior (heavily damaged, durably summoned, chance to affect: 7%)
The phantasmal warrior resists with almost no effort.
The phantasmal warrior hits you!
Aiming: Paralyse
Press: ? - help, Q - select action, (/) - cycle Shift-Dir - straight line, f/p - phantasmal warrior
Aim: a phantasmal warrior (heavily damaged, durably summoned, chance to affect: 7%)
The phantasmal warrior resists with almost no effort.
The phantasmal warrior hits you!!
Ouch! That really hurt!
You die...
Your body crumbles into a pile of gold.

#....##.#. #.......#. #. ##
#....####. .# .# #....###.. #
.. .#.####......).# #.##.
.#.........#.... ...
.#####.......### ##.########.#
#.#.###.... #.........@W#
#.........# #..)...######
#..........
#......##########........#.
#######......................##
.........###########.........##
######...# ######.......##
#...# #..............
#...########.#####.#######
#..............# #.# #


You could see a phantasmal warrior.

Vanquished Creatures
  The ghost of ShadowTiger the Covered, an amateur TeFi of Makhleb (D:4)
  A necrophage (D:5)
  2 scorpions (D:5)
  3 hounds (D:5)
  An iguana (D:5)
  4 adders
  A white imp (D:5)
  2 ufetubi (D:4)
  2 dart slugs
  A worm (D:2)
  8 endoplasms
  A giant cockroach (D:2)
  8 goblins (D:1)
  8 hobgoblins
  15 jackals
  A quokka (D:1)
  2 ball pythons
  4 bats (D:1)
  A frilled lizard (D:1)
  4 kobolds
  3 rats (D:1)
73 creatures vanquished.

Vanquished Creatures (collateral kills)
  An iguana (D:4)
  A giant cockroach (D:4)
  3 goblins
  4 jackals
  A kobold (D:3)
10 creatures vanquished.

Vanquished Creatures (others)
  2 adder zombies (D:4)
  A dart slug zombie (D:4)
  An endoplasm zombie (D:3)
  A giant cockroach zombie (D:4)
  2 goblin zombies (D:4)
  A hobgoblin zombie (D:4)
  2 jackal zombies (D:4)
  A spectral ufetubus (D:4)
  7 fungi (D:2)
  7 plants (D:2)
25 creatures vanquished.

Grand Total: 108 creatures vanquished

Notes
Turn   | Place    | Note
-------+----------+-------------------------------------------
     0 | D:1      | Darkkill the Minotaur Hunter began the quest for the Orb.
     0 | D:1      | Reached XP level 1. HP: 18/18 MP: 0/0
    86 | D:1      | Reached skill level 1 in Stealth
    94 | D:1      | Reached XP level 2. HP: 19/25 MP: 1/1
   576 | D:1      | Reached XP level 3. HP: 31/31 MP: 2/2
  1066 | D:2      | Found a faded altar of an unknown god.
  1104 | D:2      | Prayed at the altar of an unknown god.
  1104 | D:2      | Became a worshipper of Yredelemnul the Dark
  1104 | D:2      | Reached * piety under Yredelemnul
  1485 | D:2      | Reached ** piety under Yredelemnul
  1652 | D:3      | Reached XP level 4. HP: 36/38 MP: 3/3
  1947 | D:4      | Noticed a kobold brigand
  1949 | D:4      | Noticed ShadowTiger's ghost (amateur TeFi)
  1982 | D:4      | Reached skill level 5 in Ranged Weapons
  2085 | D:4      | Noticed a small abomination
  2089 | D:4      | Found a transporter.
  2089 | D:4      | Found a transporter.
  2167 | D:4      | Found a burning altar of Makhleb.
  2287 | D:4      | Identified the +3 leather armour of Watchfulness {Harm}
  2382 | D:4      | Reached XP level 5. HP: 46/46 MP: 4/4
  2675 | D:4      | Found a one-way gate to the infinite horrors of the Abyss.
  2680 | D:4      | HP: 3/46 [ShadowTiger's ghost (15)]
  2729 | D:4      | Killed ShadowTiger's ghost
  2730 | D:4      | Reached XP level 6. HP: 27/52 MP: 5/5
  2803 | D:5      | Entered Level 5 of the Dungeon
  2810 | D:5      | Found a staircase to the Ecumenical Temple.
  2836 | Temple   | Entered the Ecumenical Temple
  2846 | Temple   | Fell from the grace of Yredelemnul
  2850 | Temple   | Became a worshipper of Gozag Ym Sagoz the Greedy
  3005 | D:5      | Found a broken altar of Ashenzari.
  3005 | D:5      | Found a blossoming altar of Fedhas.
  3353 | D:5      | Reached skill level 5 in Fighting
  3353 | D:5      | Reached XP level 7. HP: 61/61 MP: 6/6
  3355 | D:5      | Reached skill level 6 in Ranged Weapons
  3378 | D:5      | Noticed a phantasmal warrior
  3383 | D:5      | Mangled by a phantasmal warrior

Illustrated notes

Levels and vault maps discovered:
D:1:      dpeg_arrival_subterranean_lakeside_camping, layout_basic,
          chequers_serial_rivers_micro_a
D:2:      layout_loops_ring, dreamdust_ecumenical_altar_grove
D:3:      layout_basic
D:4:      layout_loops_cross, bloody_makhleb, gammafunk_ghost_abyssal_escape
D:5:      layout_basic, yredelemnul_altar_generic, marbit_many_paths,
          nicolae_overflow_two_pavilions, minmay_temple_entry_arrows
Temple:   hellmonk_temple_two_chambers

Skill      XL: |  1  2  3  4  5  6  7 |
---------------+----------------------+-----
Stealth        | 1 2 3 |  3.4
Fighting       | 3 4 5 |  5.0
Dodging        | 3 4 |  4.6
Ranged Weapons | 5 6 |  6.0

Action                   |  1- 3 |  4- 6 |  7- 9 || total
-------------------------+-------+-------+-------++-------
Melee: Shortbow          |    18 |    59 |       ||    77
       Headbutt          |     3 |    14 |       ||    17
 Fire: Shortbow          |   103 |    67 |    11 ||   181
Invok: Recall Undead Har |       |     1 |       ||     1
       Renounce Religion |       |     1 |       ||     1
Evoke: Wand              |       |     3 |     3 ||     6
  Use: Scroll            |     7 |     4 |       ||    11
       Potion            |       |     2 |       ||     2
 Stab: Paralysed         |       |    14 |       ||    14
Armor: Leather armour    |     7 |    19 |     1 ||    27
       Ice dragon scales |       |    41 |       ||    41
Dodge: Dodged            |    27 |    79 |     4 ||   110

Table legend: (Time is in decaauts)
 A = Elapsed time spent in this place.
 B = Non-inter-level travel time spent in this place.
 C = Inter-level travel time spent in this place.
 D = Time resting spent in this place.
 E = Time spent auto-exploring this place.
 F = Levels seen in this place.
 G = Mean time per level.
                   A        B        C        D        E       F      G
               +--------+--------+--------+--------+--------+-----+--------+
         Total |   3479 |   3245 |    234 |      0 |   2517 |   6 |  579.8 |
       Dungeon |   3460 |   3226 |    234 |      0 |   2510 |   5 |  692.0 |
        Temple |     19 |     19 |      0 |      0 |      7 |   1 |   19.0 |
               +--------+--------+--------+--------+--------+-----+--------+

Top non-repeatable levels by time:
     D:1: 1047 daAuts
     D:4: 910 daAuts
     D:5: 570 daAuts
     D:2: 538 daAuts
     D:3: 394 daAuts
  Temple: 19 daAuts

Table legend:
 A = Kills in this place as a percentage of kills in entire the game.
 B = Kills by you in this place as a percentage of kills by you in the entire game.
 C = Kills by friends in this place as a percentage of kills by friends in the entire game.
 D = Other kills in this place as a percentage of other kills in the entire game.
 E = Experience gained in this place as a percentage of experience gained in the entire game.
 F = Experience gained in this place divided by the number of levels of this place that you have seen.
                   A       B       C       D       E      F
               +-------+-------+-------+-------+-------+----------------------
         Total | 100.0 | 100.0 | 100.0 |   N/A | 100.0 | 132.8
       Dungeon | 100.0 | 100.0 | 100.0 |   N/A | 100.0 | 159.4
               +-------+-------+-------+-------+-------+----------------------
